 Dungeon Crawl Stone Soup version 0.20-a0-848-g73d9be0 (webtiles) character file.

49 Alarkh the Skirmisher (level 3, 29/29 HPs)
             Began as a Demonspawn Fighter on Mar 9, 2017.
             Quit the game on level 2 of the Dungeon.
             The game lasted 00:01:12 (1339 turns).

Alarkh the Skirmisher (Demonspawn Fighter)          Turns: 1339, Time: 00:01:12

Health: 29/29      AC:  7    Str: 16    XL:     3   Next: 51%
Magic:  3/3        EV:  7    Int: 10    God:
Gold:   104        SH:  8    Dex: 12    Spells: 2/2 levels left

rFire    . . .     SeeInvis .   a - +0 long sword
rCold    + . .     Gourm    .   b - +1 scale mail
rNeg     . . .     Faith    .   c - +0 shield
rPois    .         Spirit   .   (no helmet)
rElec    .         Reflect  .   (no cloak)
rCorr    .         Harm     .   (no gloves)
MR       .....                  (no boots)
Stlth    ..........             r - amulet of regeneration
Regen    0.5/turn               (no ring)
MPRegen  0.1/turn               (no ring)

@: no status effects
A: cold resistance 1, demonic guardian 1
a: no special abilities


You were on level 2 of the Dungeon.
You were not hungry.

You visited 1 branch of the dungeon, and saw 2 of its levels.

You collected 104 gold pieces.

Inventory:

Hand Weapons
 a - a +0 long sword (weapon)
Armour
 b - a +1 scale mail (worn)
 c - a +0 shield (worn)
Jewellery
 j - an uncursed amulet of the gourmand
 k - an uncursed ring of positive energy {unknown}
 r - an amulet of regeneration (around neck)
Scrolls
 e - 2 scrolls of identify
 g - a scroll of immolation {unknown}
 i - a scroll of teleportation {unknown}
 l - a scroll of remove curse
 m - a scroll of fear {unknown}
 n - a scroll of enchant armour
 p - a scroll of amnesia {unknown}
Potions
 d - a potion of might
 h - a potion of berserk rage
 o - a potion of heal wounds {unknown}
 q - a potion of haste {unknown}
Comestibles
 f - a bread ration


   Skills:
 + Level 3.3 Fighting
 * Level 2.3 Long Blades
 + Level 3.1 Armour
 + Level 0.8 Dodging
 + Level 3.0 Shields


You had 2 spell levels left.
You didn't know any spells.

Dungeon Overview and Level Annotations

Branches:
Dungeon (2/15)

Altars:
Fedhas
Trog


Innate Abilities, Weirdness & Mutations

Your flesh is cold resistant. (rC+)
A weak demonic guardian rushes to your aid.


Message History

Your quasit misses Natasha.
Your quasit claws Natasha.
Your quasit closely misses Natasha.
Natasha claws you but does no damage.
Your quasit bites Natasha.
Your quasit barely misses Natasha.
Your quasit claws Natasha.
You hit Natasha.
You kill Natasha!
Natasha screams in pain as she dies!
Your Shields skill increases to level 3!
You have reached level 3!
Your experience leads to an increase in your attributes!
Increase (S)trength, (I)ntelligence, or (D)exterity?
You feel clever.
Your demonic ancestry asserts itself...
You feel resistant to cold.
You are feeling hungry.
Your quasit disappears in a puff of smoke!
q - a chunk of flesh Eating a chunk of flesh.
You eat the chunk of flesh.
This raw flesh tastes terrible.
q - a white potion Are you sure you want to abandon this character and quit the game? (Confirm with "yes".)

#.# ≈≈≈≈≈
#.## ≈≈≈≈≈
#..## ≈≈≈
#...###
#######.....#
........).#.#
..........#.#
..≈....P≈.# #
≈≈≈PPPP≈≈@#
≈≈≈≈≈≈≈≈≈.#
≈≈≈P≈≈≈≈≈.#
P≈≈≈≈P≈≈P.#
≈≈≈≈≈≈≈≈P..
≈≈≈≈≈≈≈P♣.
≈≈≈≈≈≈≈ .
≈≈≈≈≈P♣ .#


There were no monsters in sight!

Vanquished Creatures
  Natasha (D:2)
  2 worms (D:2)
  A leopard gecko (D:1)
  A bat (D:2)
  A goblin (D:2)
  5 hobgoblins
  A kobold (D:1)
  A ball python (D:1)
  A frilled lizard (D:2)
  8 rats
22 creatures vanquished.

Vanquished Creatures (collateral kills)
  A goblin (D:2)
1 creature vanquished.

Grand Total: 23 creatures vanquished

Notes
Turn   | Place    | Note
-------+----------+-------------------------------------------
     0 | D:1      | Alarkh the Demonspawn Fighter began the quest for the Orb.
     0 | D:1      | Reached XP level 1. HP: 18/18 MP: 1/1
     3 | D:1      | Noticed an electric eel
   579 | D:1      | Gained mutation: A weak demonic guardian rushes to your aid. [demonic ancestry]
   579 | D:1      | Reached XP level 2. HP: 24/24 MP: 2/2
  1001 | D:2      | Noticed a moth of wrath
  1004 | D:2      | Found a bloodstained altar of Trog.
  1235 | D:2      | Found a blossoming altar of Fedhas.
  1322 | D:2      | Noticed Natasha
  1328 | D:2      | Killed Natasha
  1328 | D:2      | Gained mutation: Your flesh is cold resistant. (rC+) [demonic ancestry]
  1328 | D:2      | Reached XP level 3. HP: 27/29 MP: 3/3
  1339 | D:2      | Quit the game

Vault maps used:
D:1:      arrival_aquarium_a
D:2:      lemuel_doored_altar, tgw_trog, serial_bayou, serial_bayou_ford_a,
          serial_bayou_shore_a, serial_bayou_lagoon_b, serial_bayou_lagoon_a,
          uniq_natasha

Skill      XL: |  1  2 |
---------------+-------+-----
Long Blades    | 2 |  2.3
Armour         | 3 |  3.1
Shields        | 3 |  3.0
Fighting       | |  3.3
Dodging        | |  0.8

Action                   || total
-------------------------++-------
Melee: Long sword        ||    82
  Use: Potion            ||     1
       Scroll            ||     3
  Eat: Chunk             ||     2
Armor: Scale mail        ||    29
Dodge: Dodged            ||    22
Block: Shield            ||    38
       Rpst.: Long sword ||     9
